 Dungeon Crawl Stone Soup version 0.30-a0-793-g160f7cfddd (webtiles) character file.

Game seed: 11150168251039026057

1956 cheesebisquit the Skirmisher (level 8, -25/62 HPs)
             Began as a Minotaur Hunter on Feb 19, 2023.
             Was a Follower of Qazlal.
             Annihilated by a white ugly thing (27 damage)
             ... on level 6 of the Dungeon.
             The game lasted 00:20:28 (8117 turns).

cheesebisquit the Skirmisher (Minotaur Hunter)      Turns: 8117, Time: 00:20:29

Health: -25/62     AC:  9    Str: 15    XL:     8   Next: 99%
Magic:  7/7        EV: 12    Int:  6    God:    Qazlal [*.....]
Gold:   126        SH:  2    Dex: 17    Spells: 7/7 levels left

rFire   . . .      SeeInvis .    J - +0 arbalest
rCold   . . .      Faith    .    (shield currently unavailable)
rNeg    + . .      Spirit   .    s - +1 leather armour {Will+}
rPois   .          Reflect  .    (helmet restricted)
rElec   .          Harm     +    F - scarf {harm}
rCorr   .          Rampage  .    (no gloves)
Will    +....                    I - +0 pair of boots
Stlth   +                        (no amulet)
HPRegen 0.30/turn                t - +4 ring of protection
MPRegen 0.10/turn                D - ring of positive energy

@: no status effects
A: horns 2, retaliatory headbutt
a: Renounce Religion


You were on level 6 of the Dungeon.
You worshipped Qazlal.
Qazlal was aware of your devotion.
You visited 2 branches of the dungeon, and saw 7 of its levels.

You collected 180 gold pieces.
You spent 54 gold pieces at shops.

Inventory:

Hand Weapons
 a - a +0 shortbow
 J - a +0 arbalest (weapon)
Missiles
 k - 21 poisoned darts
Armour
 c - a +0 kite shield
 s - a +1 leather armour of willpower (worn)
 v - a +0 cloak
 F - a scarf of harm (worn)
 I - a +0 pair of boots (worn)
 K - the +0 leather armour of Bad Feelings {rElec rC+}
   (You found it on level 6 of the Dungeon)

   rC:        It protects you from cold.
   rElec:     It insulates you from electricity.
Jewellery
 l - an amulet of faith
 t - a +4 ring of protection (left hand)
 y - a +6 ring of strength
 D - a ring of positive energy (right hand)
 H - a ring of wizardry
 L - an amulet of the acrobat
Wands
 u - a wand of flame (7)
 C - a wand of acid (13)
Scrolls
 b - 2 scrolls of immolation
 d - 2 scrolls of noise {unknown}
 e - a scroll of fear {unknown}
 f - 2 scrolls of identify {unknown}
 h - 2 scrolls of magic mapping {unknown}
 i - 3 scrolls of fog {unknown}
 j - a scroll of enchant armour {unknown}
 n - a scroll of vulnerability {unknown}
 o - a scroll of brand weapon {unknown}
 w - a scroll of teleportation {unknown}
 x - a scroll of amnesia {unknown}
Potions
 g - a potion of might {unknown}
 m - 2 potions of flight
 p - 2 potions of degeneration {unknown}
 q - 4 potions of curing
 r - 2 potions of attraction {unknown}
 z - a potion of resistance {unknown}
 A - a potion of mutation {unknown}
 B - a potion of haste {unknown}
 E - 3 potions of heal wounds {unknown}
 G - a potion of brilliance {unknown}


   Skills:
 - Level 2.4 Fighting
 + Level 13.4 Ranged Weapons
 - Level 2.1 Dodging
 - Level 0.7 Stealth


You had 7 spell levels left.
You didn't know any spells.
Your spell library contained the following spells:

 Spells                   Type           Power      Damage    Failure   Level
 Kiss of Death            Conj/Necr      0%         2d5       52%         1
 Magic Dart               Conj           0%         1d3       52%         1
 Call Imp                 Summ           0%         N/A       67%         2
 Confusing Touch          Hex            0%         N/A       88%         3
 Mephitic Cloud           Conj/Pois/Air  0%         N/A       88%         3
 Ozocubu's Armour         Ice            0%         N/A       88%         3
 Dispel Undead            Necr           0%         3d6       99%         4
 Ozocubu's Refrigeration  Ice            0%         4d7       100%        7


Dungeon Overview and Level Annotations

Branches:
Dungeon (6/15)             Temple (1/1) D:4

Altars:
Ashenzari
Cheibriados
Dithmenos
Fedhas
Gozag
Hepliaklqana
Kikubaaqudgha
Makhleb
Nemelex Xobeh
Okawaru
Qazlal
Ru
Sif Muna
Trog
Uskayaw
Vehumet
Wu Jian
Xom
Yredelemnul
Zin
The Shining One

Shops:
D:4 ([(   D:6 ((:


Innate Abilities, Weirdness & Mutations

You have a pair of horns on your head.
You reflexively headbutt those who attack you in melee.


Message History

The orc priest is almost dead.
The orc priest looks braver for a moment.
Fire: J) +0 arbalest
Press: ? - help, Q - select action, (/) - cycle Shift-Dir - straight line, f/p - orc priest
Aim: an orc priest, wielding a +0 hand axe, wearing a +0 leather armour and wearing an amulet of guardian spirit (almost dead, 63% to hit)
You shoot a bolt. The bolt hits the orc priest!
You kill the orc priest!
Qazlal accepts your kill.
You start resting.
HP restored.
You start waiting.
A white ugly thing is nearby!
You shoot a bolt. The bolt hits the white ugly thing.
The white ugly thing is lightly wounded.
You shoot a bolt. The bolt hits the white ugly thing!!
The white ugly thing is heavily wounded.
You shoot a bolt. The bolt hits the white ugly thing!
The white ugly thing is severely wounded.
You shoot a bolt.
The bolt closely misses the white ugly thing.
The white ugly thing headbutts you but does no damage.
You shoot a bolt.
The bolt barely misses the white ugly thing.
The white ugly thing misses you. You furiously retaliate!
You headbutt the white ugly thing. You shoot a bolt.
The bolt barely misses the white ugly thing.
The white ugly thing headbutts you. The white ugly thing freezes you!!
The white ugly thing headbutts you. The white ugly thing freezes you!!
* * * LOW HITPOINT WARNING * * *
You are too injured to fight recklessly!
Fire: J) +0 arbalest
Press: ? - help, Q - select action, (/) - cycle Shift-Dir - straight line, f/p - white ugly thing
Aim: a white ugly thing (severely wounded, 63% to hit)
You shoot a bolt.
The bolt closely misses the white ugly thing.
The white ugly thing headbutts you.
* * * LOW HITPOINT WARNING * * *
The white ugly thing freezes you!!
You die...

.. #[o# ###.##..###
.......)..# ##.##..#)#
#.)#)# #n..#.#
#.#>.#)#####
#)##).#u##^.### #.
...#@##..####.#######
[
...#.°...####........
.
#####....∩...#######.#
#...##....#######)#
#.#.##..##...)))).#
#...##..###.#######
#######.....# #######


You could see a white ugly thing.

Vanquished Creatures
  Prince Ribbit (D:5)
  A hornet (D:6)
  Grinder (D:3)
  A water moccasin (D:5)
  Duvessa (D:5)
  A sky beast (D:6)
  A centaur (D:6)
  A phantom (D:4)
  A kobold brigand (D:6)
  A necrophage (D:6)
  Dowan (D:5)
  3 hounds (D:5)
  3 jellies
  3 orc priests (D:6)
  2 gnoll boudas
  2 iguanas (D:5)
  Ijyb (D:5)
  An orc wizard (D:6)
  15 gnolls
  4 adders
  2 white imps
  An ufetubus (D:4)
  2 worms
  5 dart slugs
  12 orcs
  3 bats
  3 endoplasms
  5 giant cockroaches
  10 goblins
  8 hobgoblins
  3 jackals (D:5)
  14 kobolds
  5 quokkas
  8 ball pythons
  3 frilled lizards
  5 rats
134 creatures vanquished.

Notes
Turn   | Place    | Note
-------+----------+-------------------------------------------
     0 | D:1      | cheesebisquit the Minotaur Hunter began the quest for the
                  | Orb.
     0 | D:1      | Reached XP level 1. HP: 18/18 MP: 0/0
    89 | D:1      | Reached XP level 2. HP: 25/25 MP: 1/1
   135 | D:1      | Reached skill level 5 in Ranged Weapons
   246 | D:1      | Found a faded altar of an unknown god.
   668 | D:2      | Reached XP level 3. HP: 28/30 MP: 2/2
  1527 | D:3      | Reached skill level 6 in Ranged Weapons
  1537 | D:3      | Reached XP level 4. HP: 21/37 MP: 3/3
  2019 | D:3      | Found a shadowy altar of Dithmenos.
  2222 | D:3      | Noticed Grinder
  2263 | D:3      | Killed Grinder
  2264 | D:3      | Reached skill level 8 in Ranged Weapons
  2264 | D:3      | Reached XP level 5. HP: 40/42 MP: 4/4
  2264 | D:3      | Reached XP level 6. HP: 48/50 MP: 5/5
  2632 | D:4      | Found a staircase to the Ecumenical Temple.
  2642 | Temple   | Entered the Ecumenical Temple
  3182 | D:4      | Found Lezxitor's Antique Armour Shop.
  3184 | D:4      | Found Vempaheh's Weapon Boutique.
  3184 | D:4      | Found Ylyeg's Weapon Emporium.
  3527 | D:4      | Found Ylyeg's Weapon Emporium.
  3527 | D:4      | Found Vempaheh's Weapon Boutique.
  3529 | D:4      | Found Lezxitor's Antique Armour Shop.
  3823 | D:4      | Found a staircase to the Ecumenical Temple.
  3874 | D:5      | Entered Level 5 of the Dungeon
  3874 | D:5      | Found a stormy altar of Qazlal.
  3874 | D:5      | Found an iron altar of Okawaru.
  3874 | D:5      | Found a bloodstained altar of Trog.
  3874 | D:5      | Found a glowing silver altar of Zin.
  3874 | D:5      | Found a hazy altar of Hepliaklqana.
  3874 | D:5      | Found a shimmering blue altar of Sif Muna.
  3874 | D:5      | Found a radiant altar of Vehumet.
  3897 | D:5      | Became a worshipper of Qazlal Stormbringer
  4127 | D:5      | Noticed Prince Ribbit
  4144 | D:5      | Reached skill level 9 in Ranged Weapons
  4273 | D:5      | Killed Prince Ribbit
  4274 | D:5      | Reached XP level 7. HP: 26/56 MP: 6/6
  4447 | D:5      | Reached skill level 10 in Ranged Weapons
  4642 | D:5      | Noticed Duvessa
  4642 | D:5      | Noticed Dowan
  5104 | D:5      | Noticed Ijyb
  5114 | D:5      | Killed Ijyb
  5476 | D:5      | Killed Duvessa
  5477 | D:5      | Reached skill level 11 in Ranged Weapons
  5477 | D:5      | Reached XP level 8. HP: 62/62 MP: 7/7
  5498 | D:5      | Killed Dowan
  6151 | D:5      | Found a radiant altar of Vehumet.
  6151 | D:5      | Found a shimmering blue altar of Sif Muna.
  6153 | D:5      | Found a hazy altar of Hepliaklqana.
  6153 | D:5      | Found an iron altar of Okawaru.
  6153 | D:5      | Found a stormy altar of Qazlal.
  6154 | D:5      | Found a glowing silver altar of Zin.
  6154 | D:5      | Found a bloodstained altar of Trog.
  6956 | D:5      | Found a radiant altar of Vehumet.
  6956 | D:5      | Found a shimmering blue altar of Sif Muna.
  6958 | D:5      | Found a hazy altar of Hepliaklqana.
  6958 | D:5      | Found an iron altar of Okawaru.
  6958 | D:5      | Found a stormy altar of Qazlal.
  6959 | D:5      | Found a glowing silver altar of Zin.
  6959 | D:5      | Found a bloodstained altar of Trog.
  7422 | D:6      | Found Oxzops's Weapon Boutique.
  7450 | D:6      | Bought a +0 arbalest for 54 gold pieces
  7500 | D:6      | Found Zibeeti's Book Shop.
  7527 | D:6      | Reached skill level 12 in Ranged Weapons
  7556 | D:6      | Identified the +0 leather armour of Bad Feelings {rElec
                  | rC+}
  7839 | D:6      | Found Jaerphyl's Weapon Shop.
  7866 | D:6      | Reached * piety under Qazlal
  7918 | D:6      | Noticed a hornet
  7922 | D:6      | Killed a hornet
  7923 | D:6      | Reached skill level 13 in Ranged Weapons
  7925 | D:6      | Noticed a white ugly thing
  8117 | D:6      | HP: 2/62 [white ugly thing (7)]
  8117 | D:6      | Annihilated by a white ugly thing

Illustrated notes

Levels and vault maps discovered:
D:1:      amcnicky_arrival_wind_blow, layout_loops_ring,
          hellmonk_ecumenical_altar_leap_of_faith, minivault_14
D:2:      layout_basic, hangedman_decor_clover_reticule
D:3:      layout_basic, marbit_many_paths, serial_bayou, serial_bayou_crossing,
          serial_bayou_pond_b, serial_bayou_shore_a, serial_bayou_shore_b,
          uniq_grinder
D:4:      layout_cave_pools, lemuel_temple_firewalk_b, fountainhead,
          nicolae_wooded_promenade
D:5:      layout_loops_corners, grunt_temple_overflow_open,
          minmay_misc_feat_pillars, uniq_duvessa, uniq_ijyb, uniq_prince_ribbit1
D:6:      layout_loops_ring, serial_shops,
          nicolae_shop_temple_entry_statues_fountains, shop,
          nicolae_square_shop, nicolae_shop_trees,
          nicolae_shop_bloodbath_and_beyond, minmay_microvault
Temple:   compressed_dpeg_triangle_lava_temple

Skill      XL: |  1  2  3  4  5  6  7  8 |
---------------+-------------------------+-----
Ranged Weapons | 5 6 8 9 11 13 | 13.4
Fighting       | |  2.4
Dodging        | |  2.1
Stealth        | |  0.7

Action                     |  1- 3 |  4- 6 |  7- 9 || total
---------------------------+-------+-------+-------++-------
   Fire: Shortbow          |   105 |   122 |   107 ||   334
         Arbalest          |       |       |    90 ||    90
    Use: Potion            |       |       |     2 ||     2
 Armour: Leather armour    |     5 |     3 |    37 ||    45
  Dodge: Dodged            |    28 |    18 |    44 ||    90
  Block: Other             |       |       |     1 ||     1

Table legend: (Time is in decaauts)
 A = Elapsed time spent in this place.
 B = Non-inter-level travel time spent in this place.
 C = Inter-level travel time spent in this place.
 D = Time resting spent in this place.
 E = Time spent auto-exploring this place.
 F = Levels seen in this place.
 G = Mean time per level.
                   A        B        C        D        E       F      G
               +--------+--------+--------+--------+--------+-----+--------+
         Total |   8218 |   7880 |    338 |    840 |   6084 |   7 | 1174.0 |
       Dungeon |   7939 |   7605 |    334 |    840 |   5820 |   6 | 1323.2 |
        Temple |    278 |    274 |      4 |      0 |    264 |   1 |  278.0 |
               +--------+--------+--------+--------+--------+-----+--------+

Top non-repeatable levels by time:
     D:5: 3345 daAuts
     D:4: 1289 daAuts
     D:3: 1149 daAuts
     D:2: 784 daAuts
     D:6: 715 daAuts
     D:1: 656 daAuts
  Temple: 278 daAuts
